Map: Catalyst LE

Players

Cyan - Winner!

  • Race: Protoss Protoss
  • Spawn Location: 5:00

Probe

  • Race: Protoss Protoss
  • Spawn Location: 11:00

Event: WCS Leipzig 2018

VOD

Have the link to the VOD?

Description

Time

  • Played on: Jan. 26, 2018, 1:32 p.m.
  • Length: 12:31

All games in this series

Show
View Real Time Build Order
Export as new Build Order

Cyan Protoss - Winner!

Build Orders: Archon Immortal, Zealot Archon 

Get SALT Encoding   

  12  0:00  Probe  
  13  0:12  Probe  
  14  0:19  Pylon  
  14  0:24  Probe  
  15  0:37  Probe (Chrono Boost)  
  15  0:39  Gateway  
  16  0:46  Probe (Chrono Boost)  
  16  0:47  Assimilator  
  17  0:52  Probe (Chrono Boost)  
  17  0:56  Assimilator  
  18  1:04  Probe (Chrono Boost)  
  19  1:12  Probe (Chrono Boost)  
  19  1:15  Gateway  
  19  1:18  Probe  
  21  1:26  Cybernetics Core  
  21  1:30  Probe  
  22  1:35  Pylon  
  22  1:42  Probe  
  23  1:55  Probe  
  23  2:00  Warp Gate (Chrono Boost)  
  24  2:02  Stalker  
  24  2:03  Sentry  
  28  2:08  Pylon  
  28  2:25  Pylon  
  28  2:39  Nexus  
  28  2:44  Stalker  
  28  2:48  Stalker  
  32  3:02  Robotics Facility  
  32  3:05  Probe  
  32  3:14  Forge  
  32  3:18  Probe  
  33  3:30  Probe  
  34  3:43  Probe  
  34  3:48  Protoss Ground Weapons Level 1 (Chrono Boost)  
  35  3:49  Observer  
  35  3:53  Probe (Chrono Boost)  
  35  3:54  Pylon  
  38  3:57  Probe (Chrono Boost)  
  38  4:05  Probe (Chrono Boost)  
  40  4:11  Sentry, Immortal (Chrono Boost)  
  40  4:13  Probe (Chrono Boost)  
  40  4:14  Probe (Chrono Boost)  
  40  4:15  Sentry  
  49  4:18  Observer  
  49  4:20  Shield Battery  
  49  4:21  Probe  
  50  4:25  Probe  
  51  4:41  Adept  
  51  4:43  Adept  
  51  4:44  Immortal (Chrono Boost)  
  51  4:45  Probe  
  61  4:53  Gateway  
  61  4:57  Probe, Pylon  
  61  4:58  Probe  
  62  5:06  Twilight Council  
  62  5:13  Probe  
  61  5:16  Probe  
  61  5:18  Assimilator  
  61  5:20  Assimilator  
  61  5:25  Probe  
  61  5:27  Immortal  
  61  5:28  Probe  
  66  5:34  Pylon  
  66  5:36  Pylon  
  66  5:37  Observer, Protoss Ground Weapons Level 2 (Chrono Boost)  
  66  5:38  Probe  
  66  5:40  Probe  
  68  5:48  Stalker  
  70  5:55  Probe  
  70  5:56  Probe  
  72  5:59  Charge (Chrono Boost)  
  73  6:11  Observer  
  73  6:12  Gateway  
  73  6:14  Gateway  
  73  6:18  Gateway  
  73  6:22  Gateway  
  73  6:24  Probe  
  74  6:28  Gateway  
  74  6:32  Templar Archives  
  74  6:33  Pylon  
  74  6:42  Pylon, Warp Prism  
  76  6:53  Pylon  
  75  7:05  Probe  
  76  7:08  Pylon  
  76  7:09  Zealot x3  
  76  7:11  Zealot  
  84  7:21  Pylon  
  84  7:23  Nexus  
  84  7:30  Pylon  
  84  7:32  High Templar x4  
  92  7:38  Archon  
  92  7:54  High Templar x2  
  92  7:55  Zealot x2  
  92  7:56  Protoss Ground Weapons Level 3 (Chrono Boost)  
  100  7:58  Archon  
  100  8:00  Archon  
  100  8:01  Probe  
  100  8:02  Probe  
  100  8:03  Pylon  
  100  8:04  Pylon  
  102  8:11  Zealot x4  
  110  8:18  Probe x2  
  112  8:31  Immortal (Chrono Boost)  
  116  8:37  Shield Battery  
  116  8:38  Shield Battery  
  116  8:39  Shield Battery  
  116  8:41  Shield Battery  
  116  8:44  Pylon  
  116  8:50  High Templar  
  116  8:51  High Templar  
  120  8:57  Archon  
  120  9:00  Zealot  
  120  9:01  Zealot x3  
  128  9:11  Immortal (Chrono Boost)  
  128  9:13  Zealot  
  128  9:14  Zealot  
  122  9:34  High Templar x2  
  122  9:37  Pylon  
  122  9:38  Pylon, Archon  
  118  9:45  Zealot x4  
  126  9:47  High Templar  
  126  9:48  High Templar  
  130  9:53  Archon  
  130  9:54  Photon Cannon  
  131  10:00  Observer  
  131  10:10  Zealot x4  
  131  10:11  Zealot x2  
  143  10:22  Protoss Shields Level 1 (Chrono Boost)  
  143  10:23  Probe x3, Assimilator  
  143  10:28  Assimilator  
  144  10:34  Zealot x3  
  144  10:35  Zealot x3  
  154  10:38  Zealot  
  154  10:41  Probe  
  157  10:47  Zealot  
  157  10:54  Zealot x3  
  105  11:05  Zealot  
  82  11:17  Pylon  
  80  11:18  Probe x2  
  80  11:19  Probe, Zealot  
  80  11:20  Pylon  
  84  11:26  Zealot  
  82  11:35  Pylon  
  82  11:38  Zealot x2  
  82  11:40  Probe x2  
  82  11:41  Probe  
  82  11:44  Observer  
  84  11:47  High Templar x5  
  84  11:52  Probe x2, Archon  
  96  11:55  Archon  
  96  11:56  High Templar  
  96  11:59  High Templar x2  
  102  12:02  Archon  
  102  12:06  Archon  
  101  12:19  Zealot x2  
  101  12:20  Zealot x3  
Show
View Real Time Build Order
Export as new Build Order

Probe Protoss 

Build Orders: Blink Stalkers, Zealot Archon 

Get SALT Encoding   

  12  0:00  Probe  
  13  0:12  Probe  
  14  0:17  Pylon  
  14  0:24  Probe  
  15  0:37  Probe (Chrono Boost)  
  15  0:39  Gateway  
  16  0:47  Assimilator  
  16  0:48  Probe (Chrono Boost)  
  17  0:53  Probe (Chrono Boost)  
  17  0:55  Assimilator  
  18  1:03  Probe (Chrono Boost)  
  19  1:12  Gateway  
  19  1:13  Probe (Chrono Boost)  
  19  1:17  Probe (Chrono Boost)  
  21  1:27  Cybernetics Core  
  21  1:29  Probe  
  22  1:37  Pylon  
  22  1:41  Probe  
  23  1:55  Probe  
  24  2:03  Stalker x2, Warp Gate  
  28  2:10  Pylon  
  28  2:12  Probe  
  29  2:24  Twilight Council  
  29  2:47  Nexus  
  29  2:54  Stalker  
  29  2:56  Blink (Chrono Boost)  
  31  3:11  Stalker  
  33  3:14  Probe  
  34  3:25  Pylon  
  34  3:26  Probe  
  35  3:31  Shield Battery  
  35  3:39  Probe  
  36  3:42  Shield Battery  
  36  3:51  Probe  
  36  3:55  Robotics Facility  
  37  4:04  Probe  
  37  4:08  Probe  
  39  4:12  Pylon  
  39  4:16  Probe  
  40  4:18  Sentry  
  40  4:22  Stalker  
  44  4:25  Probe  
  44  4:29  Probe (Chrono Boost)  
  46  4:41  Probe (Chrono Boost), Sentry  
  46  4:43  Probe (Chrono Boost)  
  46  4:44  Observer  
  46  4:45  Stalker  
  52  4:48  Probe (Chrono Boost)  
  52  4:50  Probe (Chrono Boost)  
  54  4:53  Forge  
  54  4:55  Probe  
  55  5:01  Probe  
  55  5:07  Probe, Immortal  
  60  5:13  Probe  
  59  5:17  Protoss Ground Weapons Level 1 (Chrono Boost)  
  59  5:19  Probe  
  59  5:25  Probe, Phoenix  
  60  5:34  Probe  
  61  5:36  Nexus  
  61  5:37  Probe  
  61  5:38  Charge (Chrono Boost)  
  62  5:46  Probe  
  62  5:48  Immortal  
  67  5:56  Assimilator  
  68  5:59  Probe  
  68  6:00  Assimilator, Pylon  
  68  6:01  Probe  
  69  6:11  Gateway  
  69  6:22  Gateway  
  69  6:24  Gateway  
  69  6:27  Gateway  
  69  6:28  Probe  
  69  6:29  Gateway  
  69  6:30  Templar Archives  
  70  6:34  Pylon  
  70  6:41  Pylon x2  
  70  6:46  Zealot  
  72  6:47  Zealot  
  72  6:52  Phoenix  
  72  6:53  Shield Battery  
  74  6:58  Protoss Ground Weapons Level 2 (Chrono Boost)  
  74  7:06  Gateway  
  74  7:08  Probe x2  
  76  7:10  High Templar x2  
  80  7:16  Archon  
  80  7:20  Zealot x2  
  84  7:24  Photon Cannon  
  84  7:27  Pylon  
  82  7:32  Pylon  
  82  7:37  High Templar x2, Pylon  
  80  7:42  Archon  
  80  7:43  Zealot x2  
  86  7:51  Zealot x3  
  90  8:05  Shield Battery  
  90  8:06  High Templar x2  
  90  8:08  Pylon  
  90  8:11  Archon  
  90  8:12  Zealot x2  
  98  8:13  Zealot  
  100  8:22  Warp Prism  
  102  8:30  Zealot x2  
  104  8:38  Zealot x2  
  104  8:40  High Templar x2  
  112  8:44  Archon  
  112  8:45  Protoss Ground Weapons Level 3 (Chrono Boost)  
  112  8:57  Stalker  
  112  9:01  Zealot x2  
  118  9:03  Zealot  
  120  9:10  Pylon  
  113  9:31  Pylon  
  100  9:38  Pylon  
  100  9:40  Nexus  
  100  9:44  Pylon  
  100  9:45  Pylon  
  98  9:48  Pylon  
  98  9:52  High Templar x3  
  104  9:55  High Templar  
  104  9:58  Archon  
  104  9:59  Archon  
  106  10:10  Zealot x2  
  106  10:11  Zealot x2  
  114  10:25  Zealot x3  
  120  10:32  High Templar  
  120  10:33  High Templar  
  120  10:34  Stalker x2  
  128  10:39  Zealot, Archon  
  130  10:43  Pylon x3  
  129  10:54  Zealot x3  
  111  10:59  Zealot x3  
  83  11:05  Zealot  
  44  11:15  Probe  
  44  11:16  Probe  
  46  11:29  Probe  
  35  11:44  High Templar  
  35  11:45  High Templar x3  
  43  11:53  Zealot  
  45  11:56  Archon  
  45  11:57  Archon  
  45  12:01  Stalker  
  45  12:05  Stalker  
  49  12:13  Zealot  
  49  12:24  Zealot  
  49  12:25  Zealot  
Tags
 
Add a new tag
Caveats
  • Supply blocks, unpowered buildings, or Contaminate may cause inaccurate times.
  • Supply counts are checked every 10 seconds.